 Dungeon Crawl Stone Soup version 0.20-a0-1020-g7b9e4fe (webtiles) character file.

24420 kuniqs the Champion of Chaos (level 12, -4/112 HPs)
             Began as a Deep Dwarf Fighter on Apr 18, 2017.
             Was the Champion of Makhleb.
             Killed by nerve-wracking pain
             ... invoked by an orc high priest
              (6 damage)
             ... on level 2 of the Orcish Mines on Apr 19, 2017.
             The game lasted 00:26:53 (10109 turns).

kuniqs the Champion of Chaos (Deep Dwarf Fighter)  Turns: 10109, Time: 00:26:54

Health: -4/112     AC:  7    Str: 21      XL:     12   Next: 80%
Magic:  14/14      EV: 20    Int:  6 (9)  God:    Makhleb [******]
Gold:   513        SH: 13    Dex: 22      Spells: 11/11 levels left

rFire    . . .     SeeInvis .   P - +7 broad axe of Trial by Ordeal {freeze, Dex+6 Stlth-}
rCold    . . .     Gourm    .   c - +0 shield
rNeg     . . .     Faith    .   K - +0 plate armour
rPois    .         Spirit   .   q - +0 helmet
rElec    .         Reflect  .   p - +1 cloak
rCorr    .         Harm     .   (no gloves)
MR       +....                  H - +0 pair of boots
Stlth    ..........             (no amulet)
Regen    0.0/turn               S - +4 ring of evasion
MPRegen  0.2/turn               w - +2 ring of evasion

@: corroded, non-regenerating
A: damage resistance, heal wounds, repulsion field 1, mutation resistance 1,
sense surroundings 2, MP-powered wands, no regeneration
a: Heal Wounds, Minor Destruction, Lesser Servant of Makhleb, Major Destruction,
Greater Servant of Makhleb, Renounce Religion


You were on level 2 of the Orcish Mines.
You worshipped Makhleb.
Makhleb was exalted by your worship.
You were hungry.

You visited 4 branches of the dungeon, and saw 17 of its levels.

You collected 1127 gold pieces.
You spent 614 gold pieces at shops.

Inventory:

Hand Weapons
 N - a +1 flail of protection
 P - the +7 broad axe of Trial by Ordeal (weapon) {freeze, Dex+6 Stlth-}
   (You bought it in a shop on level 2 of the Orcish Mines)

   It has been specially enchanted to freeze those struck by it, causing extra
   injury to most foes and up to half again as much damage against particularly
   susceptible opponents.
   It can also slow down cold-blooded creatures.
   It affects your dexterity (+6).
   It makes you less stealthy.
 V - the +7 hand axe of the Everdark {chop, rElec SInv Stlth+}
   (You found it on level 12 of the Dungeon)

   It inflicts extra damage upon your enemies.
   It insulates you from electricity.
   It lets you see invisible.
   It makes you more stealthy.
Armour
 c - a +0 shield (worn)
 p - a +1 cloak (worn)
 q - a +0 helmet (worn)
 H - a +0 pair of boots (worn)
 K - a +0 plate armour (worn)
Jewellery
 a - an uncursed ring of resist corrosion
 w - a +2 ring of evasion (right hand)
 J - an uncursed ring of poison resistance
 M - an uncursed ring of protection from fire
 S - a +4 ring of evasion (left hand)
Wands
 g - a wand of lightning (7/15)
 h - a wand of paralysis (12/24)
 v - a wand of digging (9/24)
 y - a wand of lightning (13/15)
 B - a wand of flame (32/48)
 L - a wand of paralysis (8/24)
 R - a wand of iceblast (5/15)
 U - a wand of iceblast (9/15)
Scrolls
 b - 5 scrolls of teleportation
 i - 6 scrolls of remove curse {@r2}
 j - a scroll of vulnerability {unknown}
 k - 3 scrolls of recharging
 l - 3 scrolls of immolation
 m - 4 scrolls of enchant weapon
 n - a scroll of holy word
 s - a scroll of fog
 u - a scroll of enchant armour
 x - a scroll of blinking
 C - a scroll of magic mapping
Potions
 o - a potion of invisibility
 t - 3 potions of lignification
 z - 2 potions of flight
 A - 3 potions of mutation
 E - a potion of berserk rage
 F - a potion of haste
 G - 6 potions of curing {@q1}
 I - 2 potions of might
 T - 2 potions of heal wounds
Miscellaneous
 Q - a box of beasts
Comestibles
 d - 4 bread rations
 e - 6 meat rations
 f - 20 fruits
 r - 13 royal jellies


   Skills:
 + Level 8.6 Fighting
 + Level 9.8 Axes
 + Level 9.8 Armour
 + Level 9.6 Dodging
 + Level 10.2 Shields
 + Level 10.4 Invocations
 + Level 8.2 Evocations


You had 11 spell levels left.
You didn't know any spells.

Dungeon Overview and Level Annotations

Branches:
Dungeon (13/15)            Temple (1/1) D:4            Lair (1/6) D:10
    Orc (2/2) D:10            Elf (0/3) Orc:2
 Vaults: D:13-14

Altars:
Ashenzari
Cheibriados
Gozag
Hepliaklqana
Kikubaaqudgha
Makhleb
Nemelex Xobeh
Okawaru
Qazlal
Sif Muna
Wu Jian
Xom
Zin

Shops:
D:4 *   D:8 (   D:9 *   D:11 *   Orc:2 (}(

Annotations:
D:8 exclusion: upstairs


Innate Abilities, Weirdness & Mutations

You are resistant to damage.
You can heal yourself by infusing magical energy.
You passively map the area around you.
You do not regenerate.
You are surrounded by a mild repulsion field. (EV +2)
You are somewhat resistant to further mutation.
You expend magic power (3 MP) to strengthen your wands.


Message History

You closely miss the sixfirhy.
You hit the rust devil but do no damage.
The sixfirhy hits you. The sixfirhy shocks you!
* * * LOW HITPOINT WARNING * * *
The orc priest begins to cast a cantrip, but forgets the words!
The neqoxec gestures.
You block the rust devil's attack. The smoke demon gestures at you.
Beogh smites you!
* * * LOW HITPOINT WARNING * * *
The orc priest invokes the aid of Beogh against you.
Beogh smites you!
* * * LOW HITPOINT WARNING * * *
The hellwing hits you.
* * * LOW HITPOINT WARNING * * *
You block the hellwing's attack.
The orange demon stings you but does no damage.
The orc high priest invokes the aid of Beogh against you.
Pain shoots through your body!
You die...

, * ######## ##### * *##########
...... , ..., , .......... .
,.... ,, ... , ,..........
######..#* * #.# ..######..
#∩...#..# #.# ,# , #..
#....#..#######.###.###., , , #..
#....#).........o4ooo..., , #..
###)##))###.###.@33o5....##+###..
........# #.# #)484o38.o.........
###)###.# #.# #..5o......##+###..
#.....#.###.###.###'###..# ,,#..
#.....#.........#,,...#..# ,,#..
#.....#.###.###.#, ,..#..# , #..
#∩....#.# #.# #.#, .#..# #..
#######.###.###.#######..######..
.................................


You could see 2 orc high priests, an orange demon, a hellwing, a rust devil, a
sixfirhy, a smoke demon, a neqoxec, 5 orc priests, a quasit, a crimson imp and
an orc.

Vanquished Creatures
  The ghost of Ijustatesigmund the Fighter, a journeyman GnFi of Okawaru (D:11)
  5 two-headed ogres
  A centaur warrior (D:12)
  4 orc high priests (Orc:2)
  A cyclops (D:12)
  A manticore (D:11)
  An ugly thing (D:12)
  An orc sorcerer (Orc:2)
  Maurice (Orc:2)
  Psyche (D:9)
  A komodo dragon (Lair:1)
  3 trolls
  4 blink frogs (Lair:1)
  A slime creature (D:12)
  4 hippogriffs
  15 yaks
  Sigmund (D:2)
  A basilisk (D:12)
  A hungry ghost (D:11)
  8 wargs
  2 water moccasins
  A porcupine (Lair:1)
  12 orc warriors
  4 sky beasts
  2 eyes of draining
  A black bear (D:8)
  An ice beast (D:12)
  12 ogres
  The ghost of Mygna the Charmwright, an amateur GnSk (D:3)
  3 phantoms
  2 centaurs
  3 crocodiles (Lair:1)
  6 big kobolds
  3 bullfrogs
  2 gnoll sergeants
  2 scorpions
  27 killer bees
  3 howler monkeys
  4 crimson imps
  2 centaur zombies
  2 bullfrog zombies
  2 quasits
  2 centaur skeletons
  7 hounds
  9 jellies
  A gnoll shaman (D:6)
  36 orc priests
  2 bullfrog skeletons
  16 orc wizards
  2 iguanas
  3 worker ants
  A killer bee zombie (D:9)
  Robin (D:2)
  2 hound skeletons
  2 worker ant zombies
  17 gnolls
  A howler monkey skeleton (D:10)
  14 adders
  2 shadow imps
  7 oozes
  An adder skeleton (D:4)
  4 worms
  2 dart slugs
  2 leopard geckos
  92 orcs
  2 giant cockroaches
  12 goblins
  14 hobgoblins
  15 jackals
  24 kobolds
  4 quokkas
  A ball python (D:2)
  7 bats
  6 frilled lizards
  A leopard gecko zombie (D:5)
  3 rats
468 creatures vanquished.

Vanquished Creatures (collateral kills)
  An ugly thing (D:12)
  An orc (D:12)
2 creatures vanquished.

Grand Total: 470 creatures vanquished

Notes
Turn   | Place    | Note
-------+----------+-------------------------------------------
     0 | D:1      | kuniqs the Deep Dwarf Fighter began the quest for the Orb.
     0 | D:1      | Reached XP level 1. HP: 20/20 MP: 1/1
   105 | D:1      | Reached XP level 2. HP: 27/27 MP: 2/2
   517 | D:2      | Reached skill level 1 in Dodging
   517 | D:2      | Reached XP level 3. HP: 24/33 MP: 3/3
   603 | D:2      | Noticed Robin
   646 | D:2      | Killed Robin
   646 | D:2      | Reached XP level 4. HP: 27/42 MP: 4/4
   711 | D:2      | Noticed Sigmund
   723 | D:2      | Killed Sigmund
   723 | D:2      | Reached XP level 5. HP: 49/49 MP: 4/4
  1062 | D:2      | Found a faded altar of an unknown god.
  1184 | D:2      | Reached XP level 6. HP: 51/56 MP: 5/5
  1290 | D:2      | Found a sparkling altar of Nemelex Xobeh.
  1375 | D:3      | Noticed Mygna's ghost (amateur GnSk)
  1385 | D:3      | Noticed a sky beast
  1389 | D:3      | Killed Mygna's ghost
  1398 | D:3      | Killed a sky beast
  1656 | D:3      | Reached XP level 7. HP: 57/64 MP: 6/6
  1660 | D:3      | Reached skill level 5 in Shields
  1928 | D:4      | Found Wattag's Assorted Antiques.
  1931 | D:4      | Reached skill level 5 in Armour
  1935 | D:4      | Bought a dark potion for 19 gold pieces
  1935 | D:4      | Bought a metallic pink potion for 19 gold pieces
  1935 | D:4      | Bought a scroll labeled QABIOXOVOQ for 22 gold pieces
  1935 | D:4      | Bought 2 scrolls labeled MUCZESTUNWE for 44 gold pieces
  1935 | D:4      | Bought a scroll labeled DEOCEA WEZO for 22 gold pieces
  1947 | D:4      | Found a staircase to the Ecumenical Temple.
  1956 | Temple   | Entered the Ecumenical Temple
  2023 | Temple   | Became a worshipper of Makhleb the Destroyer
  2241 | D:4      | You fall through a shaft for 3 floors!
  2410 | D:6      | Noticed a hippogriff
  2417 | D:5      | Entered Level 5 of the Dungeon
  2511 | D:5      | Reached skill level 1 in Invocations
  2632 | D:4      | Reached skill level 5 in Axes
  2632 | D:4      | Reached XP level 8. HP: 51/73 MP: 5/7
  2695 | D:4      | Reached * piety under Makhleb
  2786 | D:4      | Found an ornate altar of the Wu Jian Council.
  3046 | D:5      | Reached skill level 5 in Fighting
  3626 | D:6      | Reached skill level 5 in Dodging
  3736 | D:6      | Killed a hippogriff
  3738 | D:6      | Reached ** piety under Makhleb
  3742 | D:6      | Gained mutation: You passively map the area around you. [Deep Dwarf growth]
  3742 | D:6      | Reached XP level 9. HP: 38/81 MP: 9/9
  4466 | D:7      | You fall through a shaft for 2 floors!
  4469 | D:9      | Noticed a two-headed ogre
  4522 | D:8      | Found a shimmering altar of Xom.
  4528 | D:8      | Reached skill level 5 in Invocations
  4627 | D:8      | Reached *** piety under Makhleb
  4895 | D:8      | Found Virobbe's Antique Weapon Emporium.
  5054 | D:8      | Found a snail-covered altar of Cheibriados.
  5409 | D:9      | Reached XP level 10. HP: 91/91 MP: 12/12
  5661 | D:9      | Noticed Psyche
  5670 | D:9      | Killed Psyche
  5670 | D:9      | Reached **** piety under Makhleb
  5670 | D:9      | Reached skill level 1 in Evocations
  5749 | D:9      | Found Rikkimny's Assorted Antiques.
  5761 | D:9      | Bought 2 pink potions for 50 gold pieces
  5761 | D:9      | Bought a scroll labeled TURYTW GUKKI for 28 gold pieces
  5761 | D:9      | Bought a scroll labeled GANILA YSEM for 28 gold pieces
  5761 | D:9      | Bought a pink potion for 25 gold pieces
  5803 | D:9      | Gained mutation: You are surrounded by a mild repulsion field. (EV +2) [potion of mutation]
  5803 | D:9      | Gained mutation: You are somewhat resistant to further mutation. [potion of mutation]
  5803 | D:9      | Gained mutation: You expend magic power (3 MP) to strengthen your wands. [potion of mutation]
  5818 | D:9      | Killed a two-headed ogre
  5929 | D:10     | Entered Level 10 of the Dungeon
  6290 | D:10     | Noticed a two-headed ogre
  6291 | D:10     | Found a staircase to the Lair.
  6298 | D:10     | Killed a two-headed ogre
  6302 | D:10     | Reached XP level 11. HP: 93/100 MP: 14/14
  6410 | D:10     | Reached ***** piety under Makhleb
  6556 | D:10     | Noticed a two-headed ogre
  6567 | D:10     | Killed a two-headed ogre
  6741 | D:10     | Found a staircase to the Orcish Mines.
  6820 | D:10     | Reached skill level 5 in Evocations
  7176 | D:12     | Noticed a red ugly thing
  7326 | D:11     | Noticed Ijustatesigmund's ghost (journeyman GnFi)
  7360 | D:11     | Killed Ijustatesigmund's ghost
  7437 | D:11     | Found Weuv's Assorted Antiques.
  7440 | D:11     | Bought a scroll labeled DEOCEA WEZO for 34 gold pieces
  7440 | D:11     | Bought a scroll labeled TEFRAI KAASUS for 34 gold pieces
  7440 | D:11     | Bought a bubbling brown potion for 30 gold pieces
  7440 | D:11     | Bought a scroll labeled DERCHIN QYTZOT for 34 gold pieces
  7497 | D:11     | Noticed a two-headed ogre
  7502 | D:11     | Killed a two-headed ogre
  7806 | D:12     | Got a steaming hand axe
  7807 | D:12     | Identified the +7 hand axe of the Everdark {chop, rElec SInv Stlth+} (You found it on level 12 of the Dungeon)
  7877 | D:12     | Noticed a white ugly thing
  7898 | D:12     | Killed a white ugly thing
  8182 | D:12     | Reached ****** piety under Makhleb
  8245 | D:12     | Reached XP level 12. HP: 40/110 MP: 14/14
  8248 | D:12     | HP: 2/110 [red ugly thing (19)]
  8404 | D:12     | Noticed a centaur warrior
  8422 | D:12     | Killed a centaur warrior
  8747 | D:12     | Noticed a two-headed ogre
  8759 | D:12     | Killed a two-headed ogre
  8811 | Orc:1    | Entered Level 1 of the Orcish Mines
  8911 | Orc:2    | Entered Level 2 of the Orcish Mines
  8911 | Orc:2    | Found Xakeokao's Antique Weapon Shoppe.
  8947 | Orc:2    | Noticed an orc high priest
  8965 | Orc:2    | Killed an orc high priest
  8969 | Orc:2    | Found a staircase to the Elven Halls.
  8970 | Orc:2    | Bought a crude broad axe for 225 gold pieces
  8970 | Orc:2    | Identified the +7 broad axe of Trial by Ordeal {freeze, Dex+6 Stlth-} (You bought it in a shop on level 2 of the Orcish Mines)
  9013 | Orc:2    | Noticed Maurice
  9036 | Orc:2    | Killed Maurice
  9214 | Orc:2    | Found Sataateo's Antique Weapon Shop.
  9214 | Orc:2    | Noticed an orc high priest
  9214 | Orc:2    | Found Zaxzoxzots's Gadget Shoppe.
  9215 | Orc:2    | Noticed an orc high priest
  9286 | Lair:1   | Entered Level 1 of the Lair of Beasts
  9417 | Lair:1   | Reached skill level 10 in Invocations
  9427 | Lair:1   | Reached skill level 10 in Shields
 10025 | Orc:2    | Killed an orc high priest
 10046 | Orc:2    | Killed an orc high priest
 10089 | Orc:2    | Noticed an orc high priest
 10092 | Orc:2    | Noticed an orc high priest
 10100 | Orc:2    | Killed an orc high priest
 10104 | Orc:2    | Noticed an orc high priest
 10109 | Orc:2    | HP: 3/112 [orc priest/divine providence (5)]
 10109 | Orc:2    | Killed from afar by an orc high priest

Vault maps used:
D:1:      lemuel_arrival_rhombus, minivault_14, minmay_octomino_c4
D:2:      nemelex_xobeh_ov_fountains_minmay,
          chequers_ecumenical_altar_simple_redux, uniq_robin, uniq_sigmund
D:3:      cheibrodos_pilgrimage
D:4:      kennysheep_mini_moat, temple_hall, serial_shops, shop,
          minmay_item_behind_shaft
D:5:      first_bread
D:8:      gammafunk_temple_overflow_statue, serial_shops, shop_statue
D:9:      serial_shops, shop_statue, uniq_psyche
D:10:     erik_lair_orcish_takeover, kennysheep_orc_monster_closet_entryway
D:11:     serial_shops, shop
D:12:     hangedman_little_slice_of_home
D:13:     serial_shops, shop, disabler_island, uniq_rupert
Temple:   dpeg_five_rooms_temple
Lair:1:   lemuel_fruit_fields, infiniplex_staircase_pool_2, lemuel_fruit_tree
Orc:1:    basic_altar, uniq_gastronok
Orc:2:    st_orc_town, serial_shops, nicolae_shop_stone, mines1_david,
          uniq_maurice

Skill      XL: |  1  2  3  4  5  6  7  8  9 10 11 12 |
---------------+-------------------------------------+-----
Dodging        | 1 2 3 4 5 6 7 8 9 |  9.6
Fighting       | 3 4 5 6 7 8 |  8.6
Shields        | 4 5 6 7 8 9 10 | 10.2
Axes           | 3 4 5 6 7 9 |  9.8
Armour         | 4 5 6 7 8 9 |  9.8
Invocations    | 1 3 6 7 9 10 | 10.4
Evocations     | 4 6 8 |  8.2

Action                   |  1- 3 |  4- 6 |  7- 9 | 10-12 || total
-------------------------+-------+-------+-------+-------++-------
Melee: War axe           |    58 |    61 |   359 |   334 ||   812
       Short sword       |    41 |    94 |     4 |       ||   139
       Hand axe          |       |       |       |   204 ||   204
       Broad axe         |       |       |       |   153 ||   153
Invok: Minor Destruction |       |       |       |     2 ||     2
       Lesser Servant of |       |       |       |     1 ||     1
 Abil: Heal Wounds       |       |     2 |     4 |     7 ||    13
Evoke: Wand              |       |       |       |    10 ||    10
  Use: Scroll            |       |       |     3 |    20 ||    23
       Potion            |       |       |       |     7 ||     7
 Stab: Paralysed         |       |       |       |    19 ||    19
       Distracted        |       |       |       |     1 ||     1
  Eat: Chunk             |       |     3 |    13 |    17 ||    33
Armor: Scale mail        |    26 |       |       |       ||    26
       Chain mail        |    50 |    65 |   208 |    87 ||   410
       Plate armour      |       |       |       |   129 ||   129
Dodge: Dodged            |    31 |    35 |   162 |   518 ||   746
Block: Shield            |    53 |    84 |   238 |   533 ||   908
